 Dungeon Crawl Stone Soup version 0.26.0-10-g1f06aea511 (webtiles) character file.

Game seed: 13694079707141493762

7277 Arum the Grappler (level 10, -28/104 HPs)
             Began as a Troll Monk on Jan 15, 2021.
             Was a High Priest of Makhleb.
             Annihilated by a boulder beetle (32 damage)
             ... on level 11 of the Dungeon.
             The game lasted 00:14:39 (8100 turns).

Arum the Grappler (Troll Monk)                      Turns: 8100, Time: 00:14:40

Health: -28/104    AC: 13    Str: 21    XL:     10   Next: 89%
Magic:  12/12      EV: 12    Int:  6    God:    Makhleb [*****.]
Gold:   220        SH: 11    Dex: 15    Spells: 9/9 levels left

rFire    . . .     SeeInvis .     - Unarmed
rCold    . . .     Faith    +   A - +2 kite shield
rNeg     . . .     Spirit   .   K - +0 troll leather armour
rPois    +         Reflect  .   (helmet restricted)
rElec    .         Harm     .   r - +0 cloak
rCorr    .         Rampage  .   (gloves unavailable)
Will     .....                  (boots unavailable)
Stlth    +.........             D - amulet of faith
HPRegen  1.07/turn              G - +4 ring of protection
MPRegen  0.13/turn              H - ring of poison resistance

@: about to teleport
A: large, unfitting armour, claws 3, regeneration 1, shaggy fur 1, tough skin 3
a: Renounce Religion, Minor Destruction, Lesser Servant of Makhleb, Major
Destruction, Greater Servant of Makhleb


You were on level 11 of the Dungeon.
You worshipped Makhleb.
Makhleb was extremely pleased with you.
You visited 1 branch of the dungeon, and saw 11 of its levels.

You collected 518 gold pieces.
You spent 298 gold pieces at shops.

Inventory:

Armour
 r - a +0 cloak (worn)
 A - a +2 kite shield (worn)
 K - a +0 troll leather armour (worn)
Jewellery
 k - an uncursed ring of wizardry
 s - an uncursed ring of resist corrosion
 y - an uncursed ring of magical power
 D - an amulet of faith (around neck)
 E - a +6 ring of dexterity
 G - a +4 ring of protection (left claw)
 H - a ring of poison resistance (right claw)
 J - an uncursed ring of protection from cold
 M - an uncursed ring of willpower
 P - an uncursed ring of fire
Wands
 b - a wand of flame (16)
 C - a wand of polymorph (7)
Scrolls
 c - a scroll of silence {unknown}
 d - 7 scrolls of remove curse {unknown}
 e - a scroll of noise {unknown}
 f - 2 scrolls of random uselessness {unknown}
 i - 2 scrolls of identify
 l - 3 scrolls of amnesia {unknown}
 o - a scroll of teleportation
 p - 2 scrolls of blinking {unknown}
 q - 2 scrolls of enchant weapon {unknown}
 u - 3 scrolls of fear {unknown}
 z - a scroll of brand weapon {unknown}
 B - 2 scrolls of enchant armour {unknown}
 L - a scroll of vulnerability {unknown}
 N - a scroll of fog {unknown}
 R - a scroll of immolation {unknown}
Potions
 g - a potion of ambrosia
 h - 5 potions of degeneration
 j - 4 potions of attraction
 m - a potion of invisibility
 n - 4 potions of might
 t - a potion of magic
 v - a potion of berserk rage
 w - 2 potions of lignification
 x - a potion of haste
 F - 3 potions of cancellation {unknown}
 I - a potion of resistance
 O - 2 potions of curing {unknown}
 Q - a potion of heal wounds {unknown}
Miscellaneous
 a - a tin of tremorstones (2/2)


   Skills:
 + Level 7.7 Fighting
 + Level 7.6 Dodging
 - Level 1.0 Stealth
 + Level 4.2 Shields
 + Level 9.2 Unarmed Combat
 - Level 5.0 Invocations


You had 9 spell levels left.
You didn't know any spells.
Your spell library contained the following spells:

 Spells                   Type           Power        Failure   Level
 Magic Dart               Conj           0%           86%         1
 Blink                    Tloc           N/A          94%         2
 Call Imp                 Summ           0%           94%         2
 Slow                     Hex            0%           94%         2
 Conjure Flame            Conj/Fire      0%           99%         3
 Mephitic Cloud           Conj/Pois/Air  0%           99%         3


Dungeon Overview and Level Annotations

Branches:
Dungeon (10/15)            Temple (0/1) D:6            Lair (0/6) D:9
    Orc: D:9-12

Altars:
Cheibriados
Dithmenos
Hepliaklqana
Kikubaaqudgha
Makhleb
Okawaru
Qazlal
Sif Muna
Yredelemnul
The Shining One

Shops:
D:7 **(*   D:8 [   D:10 =

Annotations:
D:6 2 transporters


Innate Abilities, Weirdness & Mutations

You are too large for most types of armour.
You have claws for hands.
Your natural rate of healing is unusually fast.
You are covered in fur. (AC +1)
You have extremely tough skin. (AC +3)


Message History

The boulder beetle is heavily wounded.
You block the boulder beetle's attack.
You claw the boulder beetle!
The boulder beetle is severely wounded.
The boulder beetle bites you!!
* * * LOW HITPOINT WARNING * * *
Evoke which item? (* to show all) (? for menu, Esc to quit)
Okay, then.
Unknown command.
A demon appears!
The boulder beetle bites you!!
* * * LOW HITPOINT WARNING * * *
Unknown command.
The boulder beetle curls into a ball and begins rolling!
Your hellwing hits the boulder beetle but does no damage. x2
Unknown command.
Unknown command.
As you read the scroll labelled LOSEN TYAFE, it crumbles to dust.
You feel strangely unstable.
It was a scroll of teleportation.
The boulder beetle hits you!!
You die...

# .. ##.
...#..###
......°.##
.......°4###
...#....B..#
##(...@.#
#.....?#
#.....?...#
#...........#
#......#.....#
........##......
......... .#..##
......... ...##
....... #...


You could see a boulder beetle and a friendly hellwing (summoned).

Vanquished Creatures
  3 death yaks (D:9)
  A troll (D:9)
  6 yaks (D:10)
  Menkaure (D:6)
  A water moccasin (D:10)
  2 ice beasts (D:10)
  3 orc warriors
  A sky beast (D:7)
  An eye of draining (D:9)
  3 phantoms
  3 ogres (D:10)
  3 centaurs
  4 bullfrogs
  4 scorpions
  15 wights
  3 howler monkeys
  A gnoll shaman (D:8)
  Crazy Yiuf (D:7)
  5 jellies
  5 hounds
  8 orc priests
  2 bullfrog skeletons
  4 iguanas
  7 worker ants
  Natasha (twice) (D:3)
  8 orc wizards
  2 killer bee zombies
  2 hound skeletons
  A worker ant zombie (D:5)
  9 gnolls
  9 adders
  2 white imps
  2 ufetubi
  An ooze (D:1)
  2 adder skeletons
  An adder zombie (D:9)
  5 worms
  4 dart slugs
  2 leopard geckos
  31 orcs
  7 bats
  8 giant cockroaches
  9 goblins
  11 hobgoblins
  10 jackals
  5 quokkas
  2 frilled lizards
  A giant cockroach zombie (D:5)
  A jackal skeleton (D:4)
  A jackal zombie (D:6)
  8 kobolds
  A leopard gecko skeleton (D:4)
  16 rats
  4 bushes (D:1)
254 creatures vanquished.

Vanquished Creatures (collateral kills)
  A worker ant (D:4)
  2 gnolls (D:8)
  2 orcs (D:4)
  2 giant cockroaches (D:4)
  A quokka (D:8)
  A rat (D:9)
9 creatures vanquished.

Vanquished Creatures (others)
  A sky beast (D:4)
  5 plants (D:1)
6 creatures vanquished.

Grand Total: 269 creatures vanquished

Notes
Turn   | Place    | Note
-------+----------+-------------------------------------------
     0 | D:1      | Arum the Troll Monk began the quest for the Orb.
     0 | D:1      | Reached XP level 1. HP: 22/22 MP: 0/0
   178 | D:1      | Reached XP level 2. HP: 29/29 MP: 1/1
   999 | D:1      | Reached XP level 3. HP: 32/36 MP: 2/2
  1316 | D:2      | Reached XP level 4. HP: 33/45 MP: 3/3
  1602 | D:2      | Found a burning altar of Makhleb.
  1606 | D:2      | Reached skill level 4 in Unarmed Combat
  1609 | D:2      | Became a worshipper of Makhleb the Destroyer
  1609 | D:2      | Reached * piety under Makhleb
  1609 | D:2      | Reached ** piety under Makhleb
  1679 | D:2      | Found a basalt altar of Yredelemnul.
  1684 | D:2      | Found a glowing golden altar of the Shining One.
  1686 | D:2      | Noticed an angel
  1694 | D:2      | Reached XP level 5. HP: 53/53 MP: 4/4
  1995 | D:3      | Noticed Natasha
  2002 | D:3      | Killed Natasha
  2111 | D:3      | Noticed Natasha
  2118 | D:3      | Killed Natasha
  2119 | D:3      | Reached skill level 1 in Invocations
  2296 | D:3      | Reached XP level 6. HP: 58/62 MP: 5/5
  2596 | D:4      | Reached *** piety under Makhleb
  2794 | D:4      | Reached XP level 7. HP: 70/70 MP: 7/7
  2837 | D:4      | Reached skill level 5 in Unarmed Combat
  3431 | D:5      | Entered Level 5 of the Dungeon
  3657 | D:5      | Reached XP level 8. HP: 79/79 MP: 9/9
  3713 | D:5      | Found a snail-covered altar of Cheibriados.
  3715 | D:5      | Found a shimmering blue altar of Sif Muna.
  3923 | D:6      | Found a staircase to the Ecumenical Temple.
  4097 | D:6      | Reached skill level 5 in Fighting
  4097 | D:6      | Reached skill level 6 in Unarmed Combat
  4129 | D:6      | Found a transporter.
  4134 | D:6      | Noticed a kobold demonologist
  4149 | D:6      | Found a transporter.
  4395 | D:6      | Noticed Menkaure
  4403 | D:6      | Killed Menkaure
  4404 | D:6      | Reached skill level 5 in Dodging
  4601 | D:6      | Found a stormy altar of Qazlal.
  4621 | D:6      | Reached **** piety under Makhleb
  4826 | D:7      | Found Jotos's Assorted Antiques.
  4833 | D:7      | Bought a scroll labelled XENWIMN YHOA for 21 gold pieces
  4833 | D:7      | Bought a scroll labelled JOLABE LAUFEFO for 21 gold pieces
  4833 | D:7      | Bought a glowing kite shield for 157 gold pieces
  5104 | D:7      | Found Raoduhig's General Store.
  5108 | D:7      | Bought a potion of lignification for 42 gold pieces
  5120 | D:7      | Found a runed translucent door.
  5121 | D:7      | Noticed Crazy Yiuf
  5128 | D:7      | Killed Crazy Yiuf
  5244 | D:7      | Found Fialle Jore's Antique Weapon Boutique.
  5324 | D:7      | Found a basalt altar of Yredelemnul.
  5371 | D:7      | Reached XP level 9. HP: 67/88 MP: 11/11
  5460 | D:7      | Found Amush's Assorted Antiques.
  5467 | D:7      | Bought a scroll labelled SEESOE ICWIB for 27 gold pieces
  5767 | D:8      | Reached skill level 7 in Unarmed Combat
  5818 | D:8      | Found Muuci's Antique Armour Shop.
  5839 | D:8      | Found a shadowy altar of Dithmenos.
  5857 | D:8      | Reached skill level 5 in Invocations
  5996 | D:8      | Found a hazy altar of Hepliaklqana.
  6000 | D:8      | Found an iron altar of Okawaru.
  6011 | D:8      | Found an ancient bone altar of Kikubaaqudgha.
  6478 | D:8      | Reached ***** piety under Makhleb
  6646 | D:9      | Noticed a troll
  6652 | D:9      | Killed a troll
  6735 | D:9      | Noticed a death yak
  6736 | D:9      | Noticed a death yak
  6737 | D:9      | Found a staircase to the Lair.
  6737 | D:9      | Noticed a death yak
  6752 | D:9      | Killed a death yak
  6753 | D:9      | Reached skill level 1 in Shields
  6762 | D:9      | Killed a death yak
  6763 | D:9      | Reached skill level 8 in Unarmed Combat
  6763 | D:9      | Reached XP level 10. HP: 79/100 MP: 12/12
  6772 | D:9      | Killed a death yak
  7512 | D:10     | Entered Level 10 of the Dungeon
  7747 | D:10     | Reached skill level 9 in Unarmed Combat
  7818 | D:10     | Found Roeck's Jewellery Boutique.
  7853 | D:10     | Bought a cursed -4 ring of intelligence for 30 gold pieces
  8076 | D:10     | You fall into a shaft and drop 1 floor!
  8079 | D:11     | Noticed a boulder beetle
  8097 | D:11     | HP: 1/104 [boulder beetle (21)]
  8100 | D:11     | Annihilated by a boulder beetle

Illustrated notes

Levels and vault maps discovered:
D:1:      dpeg_arrival_arbitrary_a, layout_loops_cross, serial_forest,
          infiniplex_forest_clump_cross, infiniplex_forest_clump_small,
          infiniplex_forest_clump_double, infiniplex_forest_straight_2,
          infiniplex_forest_split, infiniplex_forest_clump_cross,
          infiniplex_forest_straight_2, infiniplex_forest_3_way,
          infiniplex_forest_end_2
D:2:      minmay_general_purpose_star, layout_basic,
          grunt_temple_overflow_holy_war, makhleb_heckhound_becter
D:3:      layout_basic, uniq_natasha
D:4:      layout_gridville, minmay_increasing_density
D:5:      layout_rooms, nicolae_overflow_hidden_temple
D:6:      gammafunk_wand_slinger, layout_loops_ring,
          minmay_temple_entry_statues_pillars, nicolae_qazlal_eye_of_the_storm,
          uniq_menkaure
D:7:      layout_basic, serial_shops, shop, shop, kennysheep_mini_moat,
          nicolae_shop_overgrown_old_shop, yredelemnul_altar_generic,
          uniq_crazy_yiuf_cottage
D:8:      layout_basic, nicolae_overflow_crystal_walls, minitemple,
          serial_shops, shop_fountains
D:9:      layout_irregular_city, dpeg_lair_monsters
D:10:     layout_roguey, serial_shops, nicolae_shop_crystal,
          small_statue_alley_a
D:11:     layout_cave_pools, orc_0_dummy, uniq_sonja, uniq_grum

Skill      XL: |  1  2  3  4  5  6  7  8  9 10 |
---------------+-------------------------------+-----
Fighting       | 3 4 5 6 7 |  7.7
Dodging        | 3 4 5 6 7 |  7.6
Unarmed Combat | 4 5 6 8 9 |  9.2
Invocations    | 1 2 3 4 5 |  5.0
Shields        | 2 4 |  4.2
Stealth        | |  1.0

Action                   |  1- 3 |  4- 6 |  7- 9 | 10-12 || total
-------------------------+-------+-------+-------+-------++-------
Melee: Unarmed           |   274 |   181 |   359 |   206 ||  1020
       Punch             |     9 |     2 |    12 |    17 ||    40
Invok: Lesser Servant of |       |     1 |     2 |     1 ||     4
       Minor Destruction |       |       |     7 |       ||     7
  Use: Scroll            |       |       |     8 |     1 ||     9
 Stab: Sleeping          |     1 |     3 |     2 |     2 ||     8
       Distracted        |       |       |     1 |     1 ||     2
Armor: Robe              |    41 |    67 |   129 |       ||   237
       Troll leather arm |       |       |     5 |    51 ||    56
Dodge: Dodged            |    33 |   124 |   243 |    89 ||   489
Block: Kite shield       |       |       |       |     7 ||     7
